 Dungeon Crawl Stone Soup version 0.23.2-1-ga50397a (webtiles) character file.

Game seed: 7421148422071291254

327 VAZYLA the Poker (level 6, -1/49 HPs)
             Began as a Merfolk Fighter on May 27, 2019.
             Killed by divine providence
             ... invoked by an orc priest
              (15 damage)
             ... on level 4 of the Dungeon.
             The game lasted 00:07:11 (2777 turns).

VAZYLA the Poker (Merfolk Fighter)                  Turns: 2777, Time: 00:07:12

Health: -1/49      AC: 10    Str: 19    XL:     6   Next: 50%
Magic:  6/6        EV:  7    Int:  7    God:
Gold:   135        SH: 10    Dex: 13    Spells: 5/5 levels left

rFire    + . .     SeeInvis .   a - +0 trident
rCold    . . .     Gourm    .   c - +1 shield
rNeg     . . .     Faith    .   b - +0 scale mail
rPois    +         Spirit   .   k - +0 helmet
rElec    .         Reflect  .   u - +1 cloak {rPois}
rCorr    .         Harm     .   (no gloves)
MR       +....                  (no boots)
Stlth    ..........             (no amulet)
HPRegen  0.16/turn              g - ring of protection from fire
MPRegen  0.10/turn              p - ring of protection from magic

@: no status effects
A: change form in water, swift swim, stealthy swim
a: no special abilities


You were on level 4 of the Dungeon.
You were not hungry.

You visited 1 branch of the dungeon, and saw 4 of its levels.

You collected 135 gold pieces.

Inventory:

Hand Weapons
 a - a +0 trident (weapon)
Armour
 b - a +0 scale mail (worn)
 c - a +1 shield (worn)
 k - a +0 helmet (worn)
 u - a +1 cloak of poison resistance (worn)
Jewellery
 g - a ring of protection from fire (left hand)
 i - an uncursed ring of poison resistance {unknown}
 p - a ring of protection from magic (right hand)
Scrolls
 e - 3 scrolls of teleportation
 o - a scroll of noise
Potions
 d - 3 potions of might
 h - 3 potions of heal wounds
 l - a potion of berserk rage {unknown}
 m - 2 potions of curing {unknown}
 n - a potion of agility {unknown}
 q - 3 potions of flight {unknown}
 s - 2 potions of haste {unknown}
Comestibles
 f - 7 rations
 j - 5 chunks of flesh


   Skills:
 + Level 4.4 Fighting
 * Level 6.6 Polearms
 + Level 3.0 Armour
 + Level 4.1 Shields


You had 5 spell levels left.
You didn't know any spells.
Your spell library was empty.

Dungeon Overview and Level Annotations

Branches:
Dungeon (4/15)             Temple (0/1) D:4

Altars:
Elyvilon
Hepliaklqana
Sif Muna
Trog
Xom

Annotations:
D:4 2 transporters


Message History

The orc wizard shouts!
You hear a shout!
The orc wizard points at you and mumbles some strange words.
The magic dart hits you.
An orc wizard comes into view. It is wielding a +0 dagger.
The orc priest begins to cast a cantrip, but forgets the words!
You hear a shout! x2
Found a viscous sapphire potion.
The orc wizard gestures at you while chanting.
You resist with almost no effort.
The orc priest mumbles some strange prayers to Beogh against you.
Beogh smites you!
An orc comes into view. It is wielding a +0 flail.
The orc priest mumbles some strange prayers to Beogh against you.
Beogh smites you!
* * * LOW HITPOINT WARNING * * *
You hear a shout!
You hear a shout!
The orc priest invokes the aid of Beogh against you.
Beogh smites you!
You die...

......# #.......#.[...........#
##.##.###.#.#.###.#.#######.###
.....................[.# #.#
.#.#..###.#.#.#.#.#.#### #.#
......###.#.#.#.#.#.# #.#
.......##.#.#.#.#.#<# #.#
#......##.#.#.#.#.### #.#
#.........o.....#.#########.#
##.##+###.#..o..@...........#
#....###.###.###.###########
.......o.###.###.#####
...##..oo.............# .
..o...............###
.o.o........###.#.#
..........>.....#.#
###.##>.....#####.####### .!
+..................#


You could see an orc priest and an orc wizard.

Vanquished Creatures
  An ice beast (D:2)
  A hound (D:4)
  Crazy Yiuf (D:3)
  A worker ant (D:4)
  Terence (D:3)
  6 adders
  A worm (D:2)
  An adder skeleton (D:4)
  2 dart slugs (D:1)
  A leopard gecko (D:2)
  8 orcs (D:3)
  A ball python (D:2)
  5 bats
  4 giant cockroaches
  2 goblins
  6 hobgoblins
  6 kobolds
  A quokka (D:4)
  4 frilled lizards
  9 rats
62 creatures vanquished.

Notes
Turn   | Place    | Note
-------+----------+-------------------------------------------
     0 | D:1      | VAZYLA the Merfolk Fighter began the quest for the Orb.
     0 | D:1      | Reached XP level 1. HP: 18/18 MP: 1/1
    88 | D:1      | Reached XP level 2. HP: 20/24 MP: 2/2
   658 | D:2      | Reached XP level 3. HP: 28/29 MP: 3/3
   675 | D:2      | Found a hazy altar of Hepliaklqana.
   720 | D:2      | Reached skill level 4 in Polearms
   919 | D:2      | Found a bloodstained altar of Trog.
   950 | D:2      | Noticed an ice beast
   978 | D:2      | Killed an ice beast
   978 | D:2      | Reached skill level 5 in Polearms
   978 | D:2      | Reached XP level 4. HP: 29/37 MP: 4/4
   978 | D:2      | Reached XP level 5. HP: 32/42 MP: 5/5
  1079 | D:2      | Found a deep blue altar of Sif Muna.
  1079 | D:2      | Found a white marble altar of Elyvilon.
  1327 | D:3      | Found a faded altar of an unknown god.
  1393 | D:3      | Noticed Terence
  1405 | D:3      | Killed Terence
  1585 | D:3      | Found a shimmering altar of Xom.
  1781 | D:3      | Reached skill level 6 in Polearms
  1812 | D:3      | Reached XP level 6. HP: 48/48 MP: 6/6
  1913 | D:3      | Found a runed translucent door.
  1914 | D:3      | Noticed Crazy Yiuf
  2255 | D:3      | Killed Crazy Yiuf
  2618 | D:4      | Found a transporter.
  2625 | D:4      | Found a transporter.
  2765 | D:4      | Found a staircase to the Ecumenical Temple.
  2777 | D:4      | Killed from afar by an orc priest

Skill      XL: |  1  2  3  4  5  6 |
---------------+-------------------+-----
Polearms       | 5 6 |  6.6
Fighting       | 4 |  4.4
Armour         | 3 |  3.0
Shields        | 4 |  4.1

Action                   |  1- 3 |  4- 6 || total
-------------------------+-------+-------++-------
Melee: Trident           |   135 |   124 ||   259
  Use: Scroll            |       |     6 ||     6
       Potion            |       |     1 ||     1
  Eat: Chunk             |       |     5 ||     5
       Ration            |       |     1 ||     1
Armor: Scale mail        |    55 |    29 ||    84
Dodge: Dodged            |    49 |    21 ||    70
Block: Shield            |    64 |    58 ||   122
